 Dungeon Crawl Stone Soup version 0.28.0-1-gb440e238dd (webtiles) character file.

Game seed: 11275425254785727141

432 smarlow the Covered (level 6, -1/56 HPs)
             Began as a Minotaur Fighter on Feb 26, 2022.
             Succumbed to Sigmund's poison
             ... on level 6 of the Dungeon.
             The game lasted 00:05:17 (4412 turns).

smarlow the Covered (Minotaur Fighter)              Turns: 4412, Time: 00:05:18

Health: -1/56      AC:  9    Str: 21 (22) XL:     6   Next: 67%
Magic:  7/7        EV:  6    Int:  1 (2)  God:
Gold:   188        SH:  0    Dex:  8 (10) Spells: 8/8 levels left

rFire   + + .      SeeInvis .   a - +0 war axe
rCold   . . .      Faith    .   e - +3 tower shield
rNeg    . . .      Spirit   .   b - +0 scale mail
rPois   .          Reflect  .   (helmet restricted)
rElec   +          Harm     .   p - +0 cloak
rCorr   .          Rampage  .   g - +0 pair of gloves
Will    .....                   (no boots)
Stlth   ..........              (no amulet)
HPRegen 0.18/turn               o - ring of fire
MPRegen 0.10/turn               q - ring "Piutt" {rElec rF+ rC+ Int-3}

@: confused, mighty, lethally poisoned (-1 -> -11), flying, hasted, very quick
A: horns 2, retaliatory headbutt
a: no special abilities


You were on level 6 of the Dungeon.
You visited 1 branch of the dungeon, and saw 6 of its levels.

You collected 188 gold pieces.

Inventory:

Hand Weapons
 a - a +0 war axe (weapon)
Armour
 b - a +0 scale mail (worn)
 c - a +0 buckler
 e - a +3 tower shield (worn)
 g - a +0 pair of gloves (worn)
 p - a +0 cloak (worn)
Jewellery
 o - a ring of fire (left hand)
 q - the ring "Piutt" (right hand) {rElec rF+ rC+ Int-3}
   (You found it on level 4 of the Dungeon)

   [ring of protection from fire]

   Int:       It affects your intelligence (-3).
   rF:        It protects you from fire.
   rC:        It protects you from cold.
   rElec:     It insulates you from electricity.
Scrolls
 h - a scroll of vulnerability
 i - a scroll of identify
 l - a scroll of amnesia {unknown}
 r - a scroll of noise {unknown}
 t - a scroll of enchant weapon {unknown}
 u - a scroll of blinking {unknown}
Potions
 f - a potion of attraction {unknown}
 m - 2 potions of flight


   Skills:
 + Level 5.2 Fighting
 + Level 4.4 Axes
 + Level 5.2 Armour
 + Level 5.2 Shields
 + Level 1.6 Spellcasting


You had 8 spell levels left.
You didn't know any spells.
Your spell library contained the following spells:

 Spells                   Type           Power      Damage    Failure   Level
 Call Canine Familiar     Summ           0%         N/A       100%        3
 Dazzling Flash           Conj/Hex       0%         N/A       100%        3
 Portal Projectile        Hex/Tloc       0%         N/A       100%        3
 Iskenderun's Mystic Bla  Conj/Tloc      0%         2d3       100%        4
 Leda's Liquefaction      Hex/Erth       0%         N/A       100%        4
 Passage of Golubria      Tloc           0%         N/A       100%        4
 Silence                  Hex/Air        0%         N/A       100%        5
 Starburst                Conj/Fire      0%         6d3       100%        6
 Lehudib's Crystal Spear  Conj/Erth      0%         10d2      100%        8


Dungeon Overview and Level Annotations

Branches:
Dungeon (6/15)
 Temple: D:4-7

Altars:
Nemelex Xobeh

Annotations:
D:6 Sigmund


Innate Abilities, Weirdness & Mutations

You have a pair of horns on your head.
You reflexively headbutt those who attack you in melee.


Message History

You closely miss the yak.
The yak is lightly wounded.
The yak gores you! You block the yak's attack.
You slash the yak!
The yak is heavily wounded.
The yak gores you.
You hit the yak.
The yak is heavily wounded.
The yak gores you! You block the yak's attack.
You hit the yak but do no damage. You headbutt the yak!
The yak is almost dead.
The yak gores you!
* * * LOW HITPOINT WARNING * * *
The yak gores you!
* * * LOW HITPOINT WARNING * * *
There is a stone staircase leading down here.
You block the yak's attack.
You climb downwards.
Sigmund shouts!
There is a stone staircase leading up here.
As you read the scroll labelled KUIPSIVAUGH, it crumbles to dust.
It is a scroll of enchant armour.
Your +2 tower shield glows green for a moment.
You block the yak's attack.
As you read the scroll labelled KISUFABUTU, it crumbles to dust.
You speak a Word of immense power!
It was a scroll of holy word.
The yak gores you but does no damage. Sigmund casts a spell at you.
You are confused.
It was a potion of flight.
You feel very buoyant.
You fly up into the air.
The yak gores you.
* * * LOW HITPOINT WARNING * * *
It was a potion of degeneration.
There was something very wrong with that liquid.
You feel weakened.
You feel dopey.
You feel clumsy. The yak barely misses you.
Sigmund hits you but does no damage.
You are lethally poisoned!
It was a potion of haste.
You feel yourself speed up.
You die...

#.......##
#........#
#........+
#.......#
#.......#
#....@..#
#.......#
#..@Y...#
#.......#
#.......#
+.......+
#########


You could see a yak and Sigmund.

Vanquished Creatures
  2 phantoms (D:4)
  A jelly (D:4)
  A centaur skeleton (D:4)
  2 iguanas (D:4)
  5 adders
  3 gnolls (D:3)
  An ufetubus (D:4)
  2 adder skeletons (D:4)
  A worm (D:2)
  6 bats
  4 endoplasms
  8 giant cockroaches
  9 goblins
  10 hobgoblins
  2 jackals (D:3)
  5 quokkas
  8 ball pythons
  4 frilled lizards
  6 kobolds
  9 rats
89 creatures vanquished.

Notes
Turn   | Place    | Note
-------+----------+-------------------------------------------
     0 | D:1      | smarlow the Minotaur Fighter began the quest for the Orb.
     0 | D:1      | Reached XP level 1. HP: 19/19 MP: 0/0
   174 | D:1      | Reached XP level 2. HP: 20/27 MP: 1/1
   250 | D:1      | Noticed a golden eye
   252 | D:1      | Found a faded altar of an unknown god.
   253 | D:1      | Noticed a floating eye
   253 | D:1      | Noticed a golden eye
   253 | D:1      | Noticed a golden eye
   909 | D:1      | Reached XP level 3. HP: 33/33 MP: 2/2
  1220 | D:2      | Found a sparkling altar of Nemelex Xobeh.
  2161 | D:3      | Reached XP level 4. HP: 37/40 MP: 3/3
  2585 | D:4      | Noticed a phantom
  2606 | D:4      | Killed a phantom
  2607 | D:4      | Reached skill level 1 in Spellcasting
  2607 | D:4      | Reached XP level 5. HP: 40/47 MP: 3/5
  3169 | D:4      | Identified the ring "Piutt" {rElec rF+ rC+ Int-3}
  3528 | D:4      | Reached XP level 6. HP: 55/55 MP: 6/6
  3591 | D:4      | Reached skill level 5 in Shields
  3595 | D:4      | Reached skill level 5 in Fighting
  3595 | D:4      | Reached skill level 5 in Armour
  4105 | D:5      | Entered Level 5 of the Dungeon
  4384 | D:5      | Noticed a yak
  4384 | D:5      | Noticed a yak
  4385 | D:5      | Noticed a yak
  4394 | D:5      | Noticed a yak
  4407 | D:6      | Noticed Sigmund
  4410 | D:6      | HP: 2/56 [yak (4)]
  4412 | D:6      | Succumbed to Sigmund's poison

Illustrated notes

Levels and vault maps discovered:
D:1:      dpeg_arrival_boxes_within_box, layout_basic,
          hellmonk_ecumenical_altar_watching_god
D:2:      layout_loops_ring, basic_altar
D:3:      layout_loops_ring
D:4:      layout_loops_corners
D:5:      layout_gridville, minmay_temple_entry_overgrown,
          amcnicky_mini_rare_corridor_liquid, chequers_arboretum
D:6:      lemuel_ratsnest, layout_gridville, uniq_pikel, uniq_blork_the_orc,
          uniq_sigmund

Skill      XL: |  1  2  3  4  5  6 |
---------------+-------------------+-----
Armour         | 4 5 |  5.2
Shields        | 4 5 |  5.2
Fighting       | 4 5 |  5.2
Axes           | 3 4 |  4.4
Spellcasting   | 1 |  1.6

Action                   |  1- 3 |  4- 6 || total
-------------------------+-------+-------++-------
Melee: War axe           |   130 |   110 ||   240
       Headbutt          |    16 |    15 ||    31
  Use: Scroll            |     1 |     2 ||     3
       Potion            |       |     4 ||     4
Armor: Scale mail        |    40 |    40 ||    80
Dodge: Dodged            |    24 |    21 ||    45
Block: Tower shield      |   109 |    98 ||   207
       Buckler           |     1 |       ||     1
